 Dungeon Crawl Stone Soup version 0.30-a0-672-gc3a7216ad8 (webtiles) character file.

Game seed: 16356952386012137552

3767 HoaS the Skirmisher (level 10, -5/53 HPs)
             Began as a Gargoyle Hunter on Jan 18, 2023.
             Was an Elder of Zin.
             Killed from afar by a gargoyle (17 damage)
             ... with a stone arrow
             ... on level 7 of the Dungeon.
             The game lasted 00:22:37 (7251 turns).

HoaS the Skirmisher (Gargoyle Hunter)               Turns: 7251, Time: 00:22:37

Health: -5/53      AC: 16    Str: 17    XL:     10   Next: 16%
Magic:  13/13      EV: 12    Int: 12    God:    Zin [****..]
Gold:   254        SH:  0    Dex: 19    Spells: 9/9 levels left

rFire   . . .      SeeInvis .    d - +0 longbow
rCold   . . .      Faith    .    (shield currently unavailable)
rNeg    + . .      Spirit   .    c - +1 leather armour
rPois   ∞          Reflect  .    j - +1 helmet
rElec   +          Harm     .    (no cloak)
rCorr   .          Rampage  .    (no gloves)
Will    +....                    e - +2 pair of boots
Stlth   ++                       (no amulet)
HPRegen 0.28/turn                h - ring of willpower
MPRegen 0.13/turn                (no ring)

@: vitalised
A: sickness immunity, AC +7, negative energy resistance 1, electricity
resistance, torment resistance 1, petrification resistance
a: Renounce Religion, Recite, Vitalisation, Imprison, Donate Gold


You were on level 7 of the Dungeon.
You worshipped Zin.
Zin was greatly pleased with you.
You visited 2 branches of the dungeon, and saw 8 of its levels.

You collected 455 gold pieces.
You spent 156 gold pieces at shops.
You donated 45 gold pieces to Zin.

Inventory:

Hand Weapons
 d - a +0 longbow (weapon)
Missiles
 i - 2 throwing nets
Armour
 c - a +1 leather armour (worn)
 e - a +2 pair of boots (worn)
 j - a +1 helmet (worn)
Jewellery
 h - a ring of willpower (left hand)
Wands
 a - a wand of acid (6)
 f - a wand of flame (19)
 p - a wand of iceblast (5)
Scrolls
 b - 2 scrolls of immolation
 k - 2 scrolls of teleportation
 l - a scroll of magic mapping
Potions
 g - 2 potions of attraction
 m - 2 potions of flight
 n - 3 potions of haste {unknown}
 o - 2 potions of invisibility {unknown}
 q - a potion of lignification {unknown}
 r - a potion of ambrosia {unknown}


   Skills:
 - Level 2.1 Fighting
 * Level 13.6 Ranged Weapons
 - Level 1.5 Dodging
 - Level 1.1 Stealth
 + Level 4.6 Invocations
 - Level 3.0 Evocations


You had 9 spell levels left.
You didn't know any spells.
Your spell library contained the following spells:

 Spells                   Type           Power      Damage    Failure   Level
 Apportation              Tloc           0%         N/A       38%         1
 Magic Dart               Conj           0%         1d3       38%         1
 Call Imp                 Summ           0%         N/A       52%         2
 Mephitic Cloud           Conj/Pois/Air  0%         N/A       77%         3
 Alistair's Intoxication  Tmut/Pois      0%         N/A       100%        5
 Borgnjor's Revivificati  Necr           0%         N/A       100%        8
 Necromutation            Tmut/Necr      0%         N/A       100%        8
 Death's Door             Necr           0%         N/A       100%        9


Dungeon Overview and Level Annotations

Branches:
Dungeon (7/15)             Temple (1/1) D:4

Altars:
Ashenzari
Cheibriados
Dithmenos
Elyvilon
Fedhas
Gozag
Hepliaklqana
Kikubaaqudgha
Makhleb
Nemelex Xobeh
Okawaru
Qazlal
Ru
Trog
Uskayaw
Vehumet
Wu Jian
Yredelemnul
Zin
The Shining One

Shops:
D:4 [   D:7 =(

Annotations:
D:7 4 runed translucent doors


Innate Abilities, Weirdness & Mutations

You are immune to sickness and miasma.
Your stone body is resilient. (AC +7)
You are immune to poison.
You resist negative energy. (rN+)
You are resistant to electric shocks. (rElec)
You are resistant to unholy torment.
You are immune to petrification.


Message History

The arrow hits the gargoyle but does no damage.
The gargoyle is heavily damaged.
The gargoyle hits you with a +0 mace!
You shoot an arrow. The arrow hits the gargoyle.
The gargoyle is heavily damaged.
The gargoyle hits you but does no damage.
You shoot an arrow. The arrow hits the gargoyle.
The gargoyle is heavily damaged.
The gargoyle hits you but does no damage.
You shoot an arrow.
The arrow hits the gargoyle but does no damage.
The gargoyle is heavily damaged.
The gargoyle hurls a stone arrow at you.
The stone arrow hits you!
You are too injured to fight recklessly!
You shoot an arrow.
The arrow hits the gargoyle but does no damage.
The gargoyle is heavily damaged.
The gargoyle hits you with a +0 mace.
You shoot an arrow. The arrow hits the gargoyle.
The gargoyle is severely damaged.
The gargoyle hurls a stone arrow at you.
The stone arrow hits you but does no damage.
You shoot an arrow. The arrow hits the gargoyle!
The gargoyle is almost destroyed.
The gargoyle hits you with a +0 mace. The gargoyle hits you with a +0 mace!
* * * LOW HITPOINT WARNING * * *
You shoot an arrow.
The arrow completely misses the gargoyle.
The gargoyle hits you but does no damage.
You shoot an arrow.
The arrow hits the gargoyle but does no damage.
The gargoyle is almost destroyed.
The gargoyle hurls a stone arrow at you.
The stone arrow misses you.
You shoot an arrow. The arrow hits the gargoyle.
The gargoyle is almost destroyed.
The gargoyle hurls a stone arrow at you.
The stone arrow hits you!
You die...

########.# #......#
##############........# ######.#
#..............#####.## #.#
#..............# #.## #.#
#...........<..#####..#########.#
#...............................#
..########......######..######..#
..# #.).......##9...#### ##.# ..#
#.#.......#@# .#.# ..#
##.####....#.# ## O#..
..###..(.....#.#.### #Y##c#.#
...##...(......#.#.## ##.#.#.#
...##....).....##)#.# #...##..
##.##...##'##...###'# #'###.C.
#8.8##.##8.8###.....######.......
##...###...###.....##8}=8##......
.##.......####.....#8....8#......


You could see a gargoyle.

Vanquished Creatures
  Pikel (D:4)
  A hornet (D:7)
  3 water moccasins
  Pargi (D:3)
  4 ice beasts (D:7)
  A black bear (D:5)
  A sky beast (D:7)
  3 ogres
  A centaur (D:6)
  2 phantoms (D:4)
  3 kobold brigands
  2 bullfrogs (D:7)
  2 necrophages
  2 scorpions
  4 wights (D:7)
  9 hounds
  An orc priest (D:5)
  4 iguanas
  An orc wizard (D:5)
  Robin (D:3)
  24 gnolls
  5 adders
  An ufetubus (D:7)
  3 dart slugs
  8 orcs
  7 endoplasms
  4 giant cockroaches
  7 goblins
  18 hobgoblins
  3 jackals (D:5)
  3 quokkas
  5 ball pythons
  11 bats
  3 frilled lizards
  56 kobolds
  A rat (D:1)
206 creatures vanquished.

Notes
Turn   | Place    | Note
-------+----------+-------------------------------------------
     0 | D:1      | HoaS the Gargoyle Hunter began the quest for the Orb.
     0 | D:1      | Reached XP level 1. HP: 12/12 MP: 1/1
    71 | D:1      | Reached XP level 2. HP: 17/17 MP: 2/2
   324 | D:1      | Reached XP level 3. HP: 21/21 MP: 3/3
   521 | D:2      | Reached skill level 5 in Ranged Weapons
   562 | D:2      | Found a faded altar of an unknown god.
   860 | D:2      | Reached XP level 4. HP: 26/26 MP: 4/4
  1052 | D:2      | Found a white marble altar of Elyvilon.
  1537 | D:3      | Found a broken altar of Ashenzari.
  1737 | D:3      | Found a shadowy altar of Dithmenos.
  1942 | D:3      | Noticed Robin
  1972 | D:3      | Killed Robin
  1973 | D:3      | Reached skill level 6 in Ranged Weapons
  2048 | D:4      | Noticed Pargi
  2067 | D:3      | Killed Pargi
  2068 | D:3      | Reached XP level 5. HP: 24/30 MP: 5/5
  2098 | D:4      | Noticed an ogre
  2149 | D:4      | Noticed a lemure
  2149 | D:4      | Noticed a lemure
  2149 | D:4      | Noticed a lemure
  2150 | D:4      | Noticed Pikel
  2150 | D:4      | Noticed a lemure
  2168 | D:4      | Noticed a phantom
  2188 | D:4      | Killed Pikel
  2189 | D:4      | Reached skill level 9 in Ranged Weapons
  2189 | D:4      | Reached XP level 6. HP: 30/35 MP: 6/6
  2189 | D:4      | Reached XP level 7. HP: 34/40 MP: 7/7
  2312 | D:4      | Reached XP level 8. HP: 43/44 MP: 8/8
  2329 | D:4      | Reached skill level 10 in Ranged Weapons
  2342 | D:4      | Found Domo's Antique Armour Shop.
  2465 | D:4      | Found a staircase to the Ecumenical Temple.
  2482 | Temple   | Entered the Ecumenical Temple
  2482 | Temple   | Found a transporter.
  2482 | Temple   | Found a transporter.
  2526 | Temple   | Found a transporter.
  2526 | Temple   | Found a transporter.
  2586 | D:5      | Entered Level 5 of the Dungeon
  3108 | D:4      | Found a glowing silver altar of Zin.
  3144 | D:4      | Found a sparkling altar of Nemelex Xobeh.
  3144 | D:4      | Found an opulent altar of Gozag.
  3229 | D:4      | Found a burning altar of Makhleb.
  3415 | D:4      | Became a worshipper of Zin the Law-Giver
  3415 | D:4      | Reached * piety under Zin
  3501 | D:5      | Identified the +7 quarterstaff of Vuogivisi {venom, rElec
                  | rF- Int+4}
  3526 | D:5      | Reached skill level 1 in Evocations
  3670 | D:5      | Reached ** piety under Zin
  3772 | D:5      | Reached skill level 11 in Ranged Weapons
  4354 | D:5      | Reached XP level 9. HP: 41/48 MP: 9/9
  4650 | D:5      | Reached *** piety under Zin
  5619 | D:6      | Reached skill level 12 in Ranged Weapons
  6072 | D:7      | Found a large runed translucent door.
  6072 | D:7      | Found a large runed translucent door.
  6107 | D:7      | Reached skill level 1 in Invocations
  6110 | D:7      | Noticed a boulder beetle
  6372 | D:7      | Noticed a boulder beetle
  6378 | D:7      | Found a large runed translucent door.
  6378 | D:7      | Found a large runed translucent door.
  6399 | D:7      | Noticed a hornet
  6417 | D:7      | Killed a hornet
  6544 | D:7      | Found an ornate altar of the Wu Jian Council.
  6615 | D:7      | Found Miumor's Antique Weapon Boutique.
  6656 | D:7      | Bought a longbow for 156 gold pieces
  6729 | D:7      | Found Qeuz's Jewellery Shoppe.
  6750 | D:7      | Reached skill level 13 in Ranged Weapons
  6872 | D:7      | Identified the +2 kite shield of the Iron City of Dis {rN+}
  6929 | D:7      | Reached XP level 10. HP: 53/53 MP: 12/12
  6933 | D:7      | Reached **** piety under Zin
  7078 | D:7      | Noticed a cyclops
  7223 | D:7      | Noticed a gargoyle
  7251 | D:7      | Killed from afar by a gargoyle

Illustrated notes

Levels and vault maps discovered:
D:1:      minmay_arrival_up_and_down, layout_rooms, roderic_three_in_a_row
D:2:      minmay_recursive_quarters, layout_loops_ring,
          ebering_ecumenical_altar_sacrificial, basic_altar
D:3:      layout_basic, nicolae_ashenzari_skybound, marbit_many_paths,
          uniq_robin
D:4:      layout_basic, grunt_temple_overflow_opulence, zin_statuary,
          lemuel_coloured_pillars_altar, minmay_temple_entry_nine_rooms,
          serial_shops, shop, uniq_pikel, uniq_pargi
D:5:      minmay_goblin_kobold_castle, layout_loops_ring
D:6:      layout_basic, grunt_ministairs_8
D:7:      layout_basic, pdpol_wu_jian_five_deadly_venoms, serial_shops,
          nicolae_shop_advertising_works [nicolae_subvault_shop_adworks], shop,
          grunt_ministairs_8, minmay_hollow_rounded_squares
Temple:   hellmonk_temple_divided_pantheon

Skill      XL: |  1  2  3  4  5  6  7  8  9 10 |
---------------+-------------------------------+-----
Ranged Weapons | 5 6 9 11 13 | 13.6
Evocations     | 2 3 |  3.0
Invocations    | 3 4 |  4.6
Fighting       | |  2.1
Dodging        | |  1.5
Stealth        | |  1.1

Action                   |  1- 3 |  4- 6 |  7- 9 | 10-12 || total
-------------------------+-------+-------+-------+-------++-------
 Fire: Shortbow          |   115 |   142 |   542 |       ||   799
       Longbow           |       |       |    35 |    77 ||   112
Invok: Vitalisation      |       |       |       |     1 ||     1
  Use: Scroll            |    10 |     4 |     6 |       ||    20
       Potion            |       |     2 |     4 |       ||     6
Armor: Leather armour    |    37 |    61 |   198 |    27 ||   323
Dodge: Dodged            |    40 |    89 |   231 |    29 ||   389

Table legend: (Time is in decaauts)
 A = Elapsed time spent in this place.
 B = Non-inter-level travel time spent in this place.
 C = Inter-level travel time spent in this place.
 D = Time resting spent in this place.
 E = Time spent auto-exploring this place.
 F = Levels seen in this place.
 G = Mean time per level.
                   A        B        C        D        E       F      G
               +--------+--------+--------+--------+--------+-----+--------+
         Total |   7330 |   6986 |    344 |   1111 |   4105 |   8 |  916.2 |
       Dungeon |   7251 |   6907 |    344 |   1069 |   4099 |   7 | 1035.9 |
        Temple |     78 |     78 |      0 |     42 |      6 |   1 |   78.0 |
               +--------+--------+--------+--------+--------+-----+--------+

Top non-repeatable levels by time:
     D:5: 1795 daAuts
     D:7: 1134 daAuts
     D:4: 1099 daAuts
     D:6: 1002 daAuts
     D:3: 874 daAuts
     D:2: 843 daAuts
     D:1: 501 daAuts
  Temple: 78 daAuts
